A+ CENTRAL
WISCONSIN TIMBER RATTLERS @ LANSING LUGNUTS
08/12/2041
 
TOP OF THE 1ST
Wisconsin Timber Rattlers batting - Pitching for Lansing Lugnuts : RHP Wally Jones
Pitching: RHP Wally Jones
Batting: RHB Víctor Rodríguez 0-0: Called Strike
0-1: Foul Ball, location: 9LDF
0-2: Strikes out looking
Batting: RHB Joe Chandler 0-0: Called Strike
0-1: Swinging Strike
0-2: Ground out 4-3 (Groundball, 4MS, EV 65.6 MPH)
Batting: SHB Dylan Miles 0-0: Foul Ball, location: 2F
0-1: Ball
1-1: Called Strike
1-2: Foul Ball, location: 2F
1-2: Foul Ball, location: 7LSF
1-2: Foul Ball, location: 2F
1-2: Foul Ball, location: 2F
1-2: DOUBLE (Line Drive, 89M, EV 106.3 MPH)
Batting: RHB Steve Ferrell 0-0: Foul Ball, location: 5F
0-1: Fly out, F6 (Popup, 6, EV 76.9 MPH)
Top of the 1st over - 0 runs, 1 hit, 0 errors, 1 left on base; Wisconsin 0 - Lansing 0
BOTTOM OF THE 1ST
Lansing Lugnuts batting - Pitching for Wisconsin Timber Rattlers : RHP Al Martin
Pitching: RHP Al Martin
Batting: RHB Tim Elliott 0-0: Ground out U3 (Groundball, 34, EV 86.9 MPH)
Batting: LHB Jim Gibson 0-0: Called Strike
0-1: Called Strike
0-2: Strikes out swinging
Batting: LHB Stu Caldwell 0-0: Fly out, F5 (Popup, 5SF, EV 73.1 MPH)
Bottom of the 1st over - 0 runs, 0 hits, 0 errors, 0 left on base; Wisconsin 0 - Lansing 0
TOP OF THE 2ND
Wisconsin Timber Rattlers batting - Pitching for Lansing Lugnuts : RHP Wally Jones
Batting: RHB Steve Ervin 0-0: TRIPLE (Line Drive, 9D, EV 106.3 MPH)
Batting: RHB Alfredo Ortíz 0-0: Swinging Strike
0-1: Ball
1-1: Swinging Strike
1-2: Foul Ball, location: 3DF
1-2: Fly out, F9 (Flyball, 9, EV 93.1 MPH)
Runner from 3rd tags up, SCORES, throw by RF
Batting: RHB Jedd Clayton 0-0: Ball
1-0: Foul Ball, location: 25F
1-1: Swinging Strike
1-2: Fly out, F2 (Popup, 25F, EV 88.8 MPH)
Batting: RHB Dani Montoya 0-0: Ball
1-0: Called Strike
1-1: Ball
2-1: Called Strike
2-2: Foul Ball, location: 2F
2-2: Foul Ball, location: 23FF
2-2: Strikes out looking
Top of the 2nd over - 1 run, 1 hit, 0 errors, 0 left on base; Wisconsin 1 - Lansing 0
BOTTOM OF THE 2ND
Lansing Lugnuts batting - Pitching for Wisconsin Timber Rattlers : RHP Al Martin
Batting: LHB Bobby Heyward 0-0: Foul Ball, location: 5SF
0-1: Fly out, F5 (Popup, 5L, EV 80.0 MPH)
Batting: RHB Dan Wilhelm 0-0: Fly out, F8 (Flyball, 8LM, EV 90.6 MPH)
Batting: LHB Eric Moon 0-0: Hit by Pitch
Batting: RHB Andy Gray 0-0: Foul Ball, location: 3F
0-1: Ball
1-1: Ball
2-1: Foul Ball, location: 3SF
2-2: Strikes out swinging
Bottom of the 2nd over - 0 runs, 0 hits, 0 errors, 1 left on base; Wisconsin 1 - Lansing 0
TOP OF THE 3RD
Wisconsin Timber Rattlers batting - Pitching for Lansing Lugnuts : RHP Wally Jones
Batting: RHB António Díaz 0-0: Fly out, F7 (Flyball, 7S, EV 82.5 MPH)
Batting: RHB Víctor Rodríguez 0-0: Called Strike
0-1: Called Strike
0-2: Ball
1-2: Foul Ball, location: 7LSF
1-2: Ball
2-2: Fly out, F9 (Line Drive, 9D, EV 92.5 MPH)
Batting: RHB Joe Chandler 0-0: Fly out, F5 (Popup, 5F, EV 78.8 MPH)
Top of the 3rd over - 0 runs, 0 hits, 0 errors, 0 left on base; Wisconsin 1 - Lansing 0
BOTTOM OF THE 3RD
Lansing Lugnuts batting - Pitching for Wisconsin Timber Rattlers : RHP Al Martin
Batting: LHB Arturo Souza 0-0: Called Strike
0-1: Foul Ball, location: 2F
0-2: Ball
1-2: Ball
2-2: SINGLE (Line Drive, 8LS, EV 111.3 MPH)
Batting: RHB Danny Dundee 0-0: Sac Bunt to 15 - play at first, batter OUT! 1-3
Arturo Souza to second
Batting: RHB Tim Elliott 0-0: Ball
1-0: Ball
2-0: Fly out, F7 (Flyball, 7, EV 78.1 MPH)
Batting: LHB Jim Gibson 0-0: Swinging Strike
0-1: Called Strike
0-2: Ball
1-2: Ground out 6-3 (Groundball, 6, EV 82.5 MPH)
Bottom of the 3rd over - 0 runs, 1 hit, 0 errors, 1 left on base; Wisconsin 1 - Lansing 0
TOP OF THE 4TH
Wisconsin Timber Rattlers batting - Pitching for Lansing Lugnuts : RHP Wally Jones
Batting: SHB Dylan Miles 0-0: Foul Ball, location: 9LMFF
0-1: SINGLE (Line Drive, 4M, EV 98.1 MPH)
Batting: RHB Steve Ferrell 0-0: Foul Ball, location: 5FF
0-1: Ball
1-1: Ball
Dylan Miles steals 2nd base
2-1: Foul Ball, location: 9LSF
2-2: Foul Ball, location: 9LDF
2-2: Foul Ball, location: 2F
2-2: Ball
3-2: Foul Ball, location: 5FF
3-2: Base on Balls
Batting: RHB Steve Ervin 0-0: Ball
1-0: Ball
2-0: Ball
3-0: Called Strike
3-1: Foul Ball, location: 2F
3-2: Strikes out swinging
Batting: RHB Alfredo Ortíz 0-0: Ball
1-0: Foul Ball, location: 2F
1-1: Foul Ball, location: 23F
1-2: Ball
2-2: Ball
3-2: Foul Ball, location: 7LSF
3-2: Base on Balls
Dylan Miles to third
Steve Ferrell to second
Batting: RHB Jedd Clayton 0-0: Ball
1-0: Ball
2-0: Called Strike
2-1: Foul Ball, location: 3F
2-2: Foul Ball, location: 7LMF
2-2: Foul Ball, location: 9LMF
2-2: Strikes out swinging
Batting: RHB Dani Montoya 0-0: Ground out 4-3 (Groundball, 4, EV 91.3 MPH)
Top of the 4th over - 0 runs, 1 hit, 0 errors, 3 left on base; Wisconsin 1 - Lansing 0
BOTTOM OF THE 4TH
Lansing Lugnuts batting - Pitching for Wisconsin Timber Rattlers : RHP Al Martin
Batting: LHB Stu Caldwell 0-0: Called Strike
0-1: Ball
1-1: Swinging Strike
1-2: Ball
2-2: Ball
3-2: Foul Ball, location: 7LMF
3-2: Foul Ball, location: 7LSF
3-2: Strikes out swinging
Batting: LHB Bobby Heyward 0-0: Foul Ball, location: 5FF
0-1: Ground out 4-3 (Groundball, 4, EV 88.1 MPH)
Batting: RHB Dan Wilhelm 0-0: Ball
1-0: Ball
2-0: Called Strike
2-1: Ball
3-1: Foul Ball, location: 9LMF
3-2: Ground out 3-1 (Groundball, 34S, EV 91.3 MPH)
Bottom of the 4th over - 0 runs, 0 hits, 0 errors, 0 left on base; Wisconsin 1 - Lansing 0
TOP OF THE 5TH
Wisconsin Timber Rattlers batting - Pitching for Lansing Lugnuts : RHP Wally Jones
Batting: RHB António Díaz 0-0: Foul Ball, location: 2RF
0-1: Called Strike
0-2: Strikes out swinging
Batting: RHB Víctor Rodríguez 0-0: Fly out, F7 (Flyball, 7D, EV 97.5 MPH)
Batting: RHB Joe Chandler 0-0: Foul Ball, location: 25F
0-1: Called Strike
0-2: Foul Ball, location: 5FF
0-2: Ball
1-2: Ball
2-2: Ground out 4-3 (Groundball, 34D, EV 97.5 MPH)
Top of the 5th over - 0 runs, 0 hits, 0 errors, 0 left on base; Wisconsin 1 - Lansing 0
BOTTOM OF THE 5TH
Lansing Lugnuts batting - Pitching for Wisconsin Timber Rattlers : RHP Al Martin
Batting: LHB Eric Moon 0-0: Called Strike
0-1: Swinging Strike
0-2: Ball
1-2: Strikes out swinging
Batting: RHB Andy Gray 0-0: Ball
1-0: Ground out 6-3 (Groundball, 6, EV 86.3 MPH)
Batting: LHB Arturo Souza 0-0: Fly out, F8 (Flyball, 8RM, EV 91.9 MPH)
Bottom of the 5th over - 0 runs, 0 hits, 0 errors, 0 left on base; Wisconsin 1 - Lansing 0
TOP OF THE 6TH
Wisconsin Timber Rattlers batting - Pitching for Lansing Lugnuts : RHP Wally Jones
Batting: SHB Dylan Miles 0-0: Ball
1-0: Ball
2-0: Foul Ball, location: 7LMF
2-1: Ball
3-1: Fly out, F7 (Line Drive, 7S, EV 100.0 MPH)
Pitching: RHP Steve Jenkins
Batting: RHB Steve Ferrell 0-0: Ball
1-0: Ball
2-0: Ball
3-0: Called Strike
3-1: DOUBLE (Line Drive, 7LS, EV 95.0 MPH)
Batting: RHB Steve Ervin 0-0: SINGLE (Line Drive, 56, EV 104.4 MPH)
Steve Ferrell to third
Batting: RHB Alfredo Ortíz 0-0: DOUBLE (Line Drive, 9LS, EV 105.6 MPH)
Steve Ferrell scores
Steve Ervin to third
Batting: RHB Jedd Clayton 0-0: Called Strike
0-1: Foul Ball, location: 3SF
0-2: Strikes out swinging
Batting: RHB Dani Montoya 0-0: Ball
1-0: Ball
2-0: Ball
3-0: Base on Balls
Batting: RHB António Díaz 0-0: Ball
1-0: Foul Ball, location: 2F
1-1: Fly out, F7 (Flyball, 7D, EV 105.6 MPH)
Top of the 6th over - 1 run, 3 hits, 0 errors, 3 left on base; Wisconsin 2 - Lansing 0
BOTTOM OF THE 6TH
Lansing Lugnuts batting - Pitching for Wisconsin Timber Rattlers : RHP Al Martin
Batting: RHB Danny Dundee 0-0: Fly out, F8 (Flyball, 8RM, EV 84.4 MPH)
Batting: RHB Tim Elliott 0-0: Ball
1-0: Swinging Strike
1-1: Called Strike
1-2: Foul Ball, location: 5SF
1-2: Ball
2-2: SINGLE (Line Drive, 7S, EV 99.4 MPH)
Batting: LHB Jim Gibson 0-0: Foul Ball, location: 2F
0-1: Foul Ball, location: 2F
0-2: Foul Ball, location: 2F
0-2: Ball
1-2: Ball
2-2: Ball
3-2: Strikes out swinging
Tim Elliott steals 2nd base
Batter strikes out.
Batting: LHB Stu Caldwell 0-0: Called Strike
0-1: Ball
1-1: DOUBLE (Flyball, 78XD, EV 101.3 MPH)
Tim Elliott scores
Batting: LHB Bobby Heyward 0-0: SINGLE (Line Drive, 78M, EV 95.0 MPH)
Stu Caldwell to third
Runner from 3rd tries for Home, SAFE, throw by CF to home
Batting: RHB Dan Wilhelm 0-0: Ball
1-0: Fielders Choice at 2nd, 6-4 (Groundball, 6, EV 105.0 MPH)
Bottom of the 6th over - 2 runs, 3 hits, 0 errors, 1 left on base; Wisconsin 2 - Lansing 2
TOP OF THE 7TH
Wisconsin Timber Rattlers batting - Pitching for Lansing Lugnuts : RHP Steve Jenkins
Batting: RHB Víctor Rodríguez 0-0: Ground out 5-3 (Groundball, 56, EV 85.0 MPH)
Batting: RHB Joe Chandler 0-0: Swinging Strike
0-1: Swinging Strike
0-2: Ball
1-2: Foul Ball, location: 9LSF
1-2: Ball
2-2: Ball
3-2: Base on Balls
Batting: SHB Dylan Miles 0-0: Ball
1-0: Swinging Strike
1-1: SINGLE (Line Drive, 34, EV 110.6 MPH)
Joe Chandler to second
Batting: RHB Steve Ferrell 0-0: 3-RUN HOME RUN (Flyball, 7LD, EV 93.8 MPH), Distance : 335 ft
Pitching: LHP Héctor Trillo
Batting: RHB Steve Ervin 0-0: Ball
1-0: Foul Ball, location: 2F
1-1: Called Strike
1-2: Ball
2-2: Ball
3-2: Foul Ball, location: 9LMF
3-2: Foul Ball, location: 3DF
3-2: Base on Balls
Batting: RHB Alfredo Ortíz 0-0: Ball
1-0: Ball
2-0: Ball
3-0: Called Strike
3-1: Swinging Strike
3-2: Base on Balls
Steve Ervin to second
Batting: RHB Jedd Clayton 0-0: Called Strike
0-1: Ball
1-1: Ball
2-1: Fly out, F9 (Flyball, 89S, EV 95.0 MPH)
Batting: RHB Dani Montoya 0-0: Ball
1-0: Ball
2-0: Ball
Wild Pitch!
Steve Ervin to third
Alfredo Ortíz to second
3-0: Called Strike
3-1: Base on Balls
Batting: RHB António Díaz 0-0: Ball
1-0: Swinging Strike
1-1: Ball
2-1: Ball
3-1: Called Strike
3-2: Foul Ball, location: 5FF
3-2: Ground out 6-3 (Groundball, 6, EV 105.0 MPH)
Top of the 7th over - 3 runs, 2 hits, 0 errors, 3 left on base; Wisconsin 5 - Lansing 2
BOTTOM OF THE 7TH
Lansing Lugnuts batting - Pitching for Wisconsin Timber Rattlers : RHP Al Martin
Batting: LHB Eric Moon 0-0: Ball
1-0: Ground out 6-3 (Groundball, 6M, EV 106.9 MPH)
Batting: RHB Andy Gray 0-0: Ball
1-0: Swinging Strike
1-1: Ball
2-1: Foul Ball, location: 2F
2-2: Ball
3-2: Strikes out looking
Batting: LHB Arturo Souza 0-0: Swinging Strike
0-1: Foul Ball, location: 25F
0-2: Ball
1-2: Ball
2-2: Ball
3-2: Strikes out looking
Bottom of the 7th over - 0 runs, 0 hits, 0 errors, 0 left on base; Wisconsin 5 - Lansing 2
TOP OF THE 8TH
Wisconsin Timber Rattlers batting - Pitching for Lansing Lugnuts : LHP Héctor Trillo
Batting: RHB Víctor Rodríguez 0-0: Ball
1-0: Foul Ball, location: 2F
1-1: Swinging Strike
1-2: Strikes out looking
Batting: RHB Joe Chandler 0-0: Foul Ball, location: 9LMF
0-1: Ball
1-1: Ball
2-1: SINGLE (Groundball, P, EV 86.9 MPH) (infield hit)
Pitching: RHP George Varkevisser
Batting: SHB Dylan Miles 0-0: Ball
1-0: Ball
2-0: 2-RUN HOME RUN (Line Drive, 9LD, EV 90.0 MPH), Distance : 341 ft
Batting: RHB Steve Ferrell 0-0: Ball
1-0: Ball
2-0: Called Strike
2-1: Ball
3-1: Base on Balls
Batting: RHB Steve Ervin 0-0: Called Strike
0-1: Grounds into double play, U6-3 (Groundball, 4M, EV 82.5 MPH)
Top of the 8th over - 2 runs, 2 hits, 0 errors, 0 left on base; Wisconsin 7 - Lansing 2
BOTTOM OF THE 8TH
Lansing Lugnuts batting - Pitching for Wisconsin Timber Rattlers : RHP Al Martin
Batting: RHB Danny Dundee 0-0: Foul Ball, location: 9LDF
0-1: Swinging Strike
0-2: Ball
1-2: Strikes out swinging
Batting: RHB Tim Elliott 0-0: Called Strike
0-1: Ball
1-1: Swinging Strike
1-2: Ball
2-2: Ball
3-2: Strikes out swinging, 2-3 out at first.
Batting: LHB Jim Gibson 0-0: Foul Ball, location: 5F
0-1: Ball
1-1: Foul Ball, location: 2F
1-2: Ground out 4-3 (Groundball, 34, EV 88.1 MPH)
Bottom of the 8th over - 0 runs, 0 hits, 0 errors, 0 left on base; Wisconsin 7 - Lansing 2
TOP OF THE 9TH
Wisconsin Timber Rattlers batting - Pitching for Lansing Lugnuts : RHP George Varkevisser
Batting: RHB Alfredo Ortíz 0-0: Ball
1-0: Swinging Strike
1-1: Swinging Strike
1-2: SINGLE (Flyball, 89S, EV 88.8 MPH)
Pinch Hitting: LHB Pat Hicks 0-0: Called Strike
0-1: Grounds into double play, 6-4-3 (Groundball, 6, EV 101.9 MPH)
Batting: RHB Dani Montoya 0-0: Called Strike
0-1: Called Strike
0-2: Ball
1-2: Strikes out looking
Top of the 9th over - 0 runs, 1 hit, 0 errors, 0 left on base; Wisconsin 7 - Lansing 2
BOTTOM OF THE 9TH
Lansing Lugnuts batting - Pitching for Wisconsin Timber Rattlers : RHP Al Martin
Pitching: RHP Ed Jennings
Now at 3B: Kurt Marshall
Batting: LHB Stu Caldwell 0-0: Ball
1-0: Ball
2-0: Ball
3-0: Base on Balls
Batting: LHB Bobby Heyward 0-0: Ball
1-0: Ball
2-0: SINGLE (Line Drive, 8RS, EV 101.3 MPH)
Stu Caldwell to second
Batting: RHB Dan Wilhelm 0-0: Called Strike
0-1: Foul Ball, location: 5FF
0-2: Grounds into double play, 4-6-3 (Groundball, 4, EV 91.9 MPH)
Stu Caldwell to third
Batting: LHB Eric Moon 0-0: Ball
1-0: Ground out 6-3 (Groundball, 6, EV 79.4 MPH)
Bottom of the 9th over - 0 runs, 1 hit, 0 errors, 1 left on base; Wisconsin 7 - Lansing 2
Monday, April 1st , 2024 - OOTP Baseball 24.10 Build 82